 Dungeon Crawl Stone Soup version 0.21-a0-228-g14ccbf3 (webtiles) character file.

97 Gorglomux the Magician (level 4, 0/32 HPs)
             Began as a Gnoll Transmuter on Aug 31, 2017.
             Slain by a jelly (3 damage)
             ... on level 2 of the Dungeon.
             The game lasted 00:03:55 (2390 turns).

Gorglomux the Magician (Gnoll Transmuter)           Turns: 2390, Time: 00:03:55

Health: 0/32       AC:  2    Str:  7    XL:     4   Next: 68%
Magic:  6/10       EV: 12    Int:  7    God:
Gold:   69         SH:  0    Dex:  7    Spells: 5/11 levels left

rFire    . . .     SeeInvis .     - Unarmed
rCold    . . .     Gourm    .   (no shield)
rNeg     . . .     Faith    .   b - +0 robe
rPois    .         Spirit   .   (no helmet)
rElec    .         Reflect  .   (no cloak)
rCorr    .         Harm     .   (no gloves)
MR       .....                  (no boots)
Stlth    +.........             (no amulet)
HPRegen  0.10/turn              (no ring)
MPRegen  0.12/turn              (no ring)

@: very slightly contaminated
A: unchanging attributes, fangs 1, strong nose
a: no special abilities


You were on level 2 of the Dungeon.
You were very hungry.

You visited 1 branch of the dungeon, and saw 2 of its levels.

You collected 69 gold pieces.

Inventory:

Missiles
 a - 9 arrows
Armour
 b - a +0 robe (worn)
Scrolls
 B - 2 scrolls of teleportation {unknown}
 C - a scroll of immolation {unknown}
 E - a scroll of random uselessness {unknown}
 F - a scroll of remove curse {unknown}
Potions
 g - a potion of cancellation {unknown}
 A - a potion of ambrosia {unknown}
 D - a potion of flight {unknown}
Books
 c - a book of Changes

   Spells                             Type                      Level
   a - Beastly Appendage              Transmutation                1
   b - Sticks to Snakes               Transmutation                2
   c - Spider Form                    Transmutation/Poison         3
   d - Ice Form                       Ice/Transmutation            4
   e - Blade Hands                    Transmutation                5
Comestibles
 d - 2 bread rations
 z - a meat ration


   Skills:
 - Level 1.3 Fighting
 - Level 2.6 Dodging
 - Level 4.0 Unarmed Combat
 + Level 4.3 Spellcasting
 + Level 4.2 Transmutations
 - Level 3.0 Poison Magic


You had 5 spell levels left.
You knew the following spells:

 Your Spells              Type           Power        Failure   Level  Hunger
a - Beastly Appendage     Tmut           #.....       5%          1    #......
b - Sticks to Snakes      Tmut           #.......     8%          2    ###....
c - Spider Form           Tmut/Pois      #.........   21%         3    ###....


Dungeon Overview and Level Annotations

Branches:
Dungeon (2/15)

Altars:


Innate Abilities, Weirdness & Mutations

Your physical attributes are unchanging.
You have very sharp teeth.
Your uncanny sense of smell can sniff out nearby items.


Message History

The ooze misses you!
You maul the ooze!
The ooze is almost dead!
The ooze hits you!
You maul the ooze but do no damage!
The ooze looks as sick as possible!!!
The ooze is almost dead!
You annihilate the ooze!!!
You barely miss the jelly! The jelly closely misses you!
You butt the jelly!
Your front legs burn!!! * * * don't die
* * * The jelly is moderately wounded!
The jelly hits you but does no damage!
Things that are butt: a short sword; a kobold corpse You maul the jelly!
Your front legs burn!!! * * * don't die
* * * The jelly is heavily wounded!
Your transformation butts ended!
Your +0 robe unmelds from your body!
The jelly butts you! rip

#.# #.. ∆ ..# .. ### ∆#.
#######.##J....=#
#.####....#.#.#PPP.P.#
#..##(....#.#.#J.....#
#..'.).)..#'#@#PPP.÷.#
#.('))......#J#JJ÷...#
#..'........#J#JJPPP.#
#..##.......#.#.J..÷.#
#.#..###......##J....P.#
#.##.############.÷....#
#.##..#### #######
#.###....# #.# ####.#


You could see a jelly and 2 oozes.

Vanquished Creatures
  Jessica (D:2)
  An adder (D:2)
  4 oozes
  A dart slug (D:1)
  A leopard gecko (D:2)
  3 bats
  A giant cockroach (D:1)
  3 goblins (D:1)
  5 hobgoblins
  2 frilled lizards (D:1)
  13 kobolds
  4 rats
39 creatures vanquished.

Vanquished Creatures (collateral kills)
  A worm (D:2)
1 creature vanquished.

Vanquished Creatures (others)
  A rat (D:2)
  4 fungi (D:2)
  5 toadstools (D:2)
10 creatures vanquished.

Grand Total: 50 creatures vanquished

Notes
Turn   | Place    | Note
-------+----------+-------------------------------------------
     0 | D:1      | Gorglomux the Gnoll Transmuter began the quest for the Orb.
     0 | D:1      | Reached XP level 1. HP: 15/15 MP: 4/4
   223 | D:1      | Reached skill level 3 in Transmutations
   372 | D:1      | Reached XP level 2. HP: 13/21 MP: 4/6
   830 | D:1      | Reached XP level 3. HP: 13/26 MP: 6/8
   851 | D:1      | Learned a level 2 spell: Sticks to Snakes
   855 | D:1      | Learned a level 3 spell: Spider Form
  1311 | D:2      | Reached skill level 1 in Poison Magic
  1689 | D:2      | Noticed Jessica
  1696 | D:2      | Killed Jessica
  1696 | D:2      | Reached skill level 3 in Poison Magic
  1696 | D:2      | Reached XP level 4. HP: 5/32 MP: 6/10
  2390 | D:2      | Slain by a jelly

Vault maps used:
D:1:      scummos_arrival_star
D:2:      cheibrodos_fertilizer, elyvilon_altar_4, uniq_terence, uniq_jessica

Skill      XL: |  1  2  3  4 |
---------------+-------------+-----
Transmutations | 3 4 |  4.2
Spellcasting   | 4 |  4.3
Poison Magic   | 3 |  3.0
Fighting       | |  1.3
Dodging        | |  2.6
Unarmed Combat | |  4.0

Action                   |  1- 3 |  4- 6 || total
-------------------------+-------+-------++-------
Melee: Unarmed           |   112 |    49 ||   161
       Headbutt          |     4 |       ||     4
       Bite              |     5 |       ||     5
       Kick              |     2 |       ||     2
 Cast: Beastly Appendage |     9 |       ||     9
       Spider Form       |     7 |     5 ||    12
       Sticks to Snakes  |     3 |       ||     3
  Eat: Chunk             |     3 |     3 ||     6
Armor: Robe              |     9 |     2 ||    11
       Skin              |       |     5 ||     5
Dodge: Dodged            |    74 |    43 ||   117

Table legend:
 A = Spawn XP
 B = Non-spawn XP
 C = Spawn XP percentage of total XP
 D = Spawn monster count
 E = Non-spawn monster count
 F = Spawn count percentage of total count
 G = Total turns spent on level
                    A         B        C        D         E        F      G
               +---------+---------+-------+---------+---------+-------+---------
         Total |       7 |     132 |   5.0 |       4 |      36 |  10.0 |  2390
               +---------+---------+-------+---------+---------+-------+---------
           D:1 |       7 |      39 |  15.2 |       4 |      19 |  17.4 |  1284
           D:2 |       0 |      93 |   0.0 |       0 |      17 |   0.0 |  1106
               +---------+---------+-------+---------+---------+-------+---------
